 Dungeon Crawl Stone Soup version 0.32-a0-928-g1cae6b7ea0 (webtiles) character file.

Game seed: 5208838242950312802

63053 Sirjeffry24 the Warrior (level 15, -2/131 HPs)
             Began as a Coglin Fighter on Apr 12, 2024.
             Was the Champion of Beogh.
             Killed from afar by a fire dragon (42 damage)
             ... with a blast of flame
             ... in a volcano.
             The game lasted 00:20:21 (18788 turns).

Sirjeffry24 the Warrior (Coglin Fighter)           Turns: 18788, Time: 00:20:22

Health: -2/131     AC: 20    Str: 24    XL:     15   Next: 8%
Magic:  15/15      EV:  6    Int:  8    God:    Beogh [******]
Gold:   1266       SH:  0    Dex: 13    Spells: 14/14 levels left

rFire   . . .        y - +0 demon trident (elec) {Mizue}
rCold   + . .        w - +4 trident {Haeun}
rNeg    . . .        D - +0 plate armour
rPois   +            k - +0 helmet
rElec   .            x - +0 cloak {rCorr}
rCorr   +            B - +0 pair of gloves
SInv    .            j - +0 pair of boots
Will    +....        (amulet unavailable) Stlth
                     (ring unavailable)
HPRegen 1.21/turn    (ring unavailable)
MPRegen 0.54/turn    E - hydrotertiary inducer {rC+ Regen+ RegenMP+ Slay+3}

%: no passive effects
@: revving
A: walk on water, off-hand wielding, slow wielding, warmup strikes, no
jewellery, poison resistance
a: Renounce Religion, Smiting, Recall Apostles, Blood for Blood, Dismiss
Beowulf, warrior, Dismiss Ogrik, priest, Dismiss Arbeogh, priest


You were in a volcano.
You worshipped Beogh.
Beogh was exalted by your worship.
You visited 2 branches of the dungeon, and saw 19 of its levels.
You also visited: Ossuary and Volcano.

You collected 1724 gold pieces.
You spent 458 gold pieces at shops.

Inventory:

Hand Weapons
 c - the +9 sword of Power {lifebolt}
   (You took it off a deep elf pyromancer on level 8 of the Dungeon)
 w - a +4 trident (offhand) {Haeun}
 y - a +0 demon trident of electrocution (weapon) {Mizue}
Missiles
 r - 9 throwing nets (quivered)
Armour
 j - a +0 pair of boots (worn)
 k - a +0 helmet (worn)
 x - a +0 cloak of preservation (worn)
 B - a +0 pair of gloves (worn)
 D - a +0 plate armour (worn)
Gizmo
 E - a hydrotertiary inducer (installed) {rC+ Regen+ RegenMP+ Slay+3}
   (You invented it yourself on level 14 of the Dungeon)

   [hydrotertiary inducer]

   Slay+3:    It affects your accuracy & damage with ranged weapons and melee
   (+3).
   rC+:       It protects you from cold.
   Regen+:    It increases your rate of health regeneration.
   RegenMP+:  It increases your rate of magic regeneration.
Wands
 a - a wand of charming (16)
 n - a wand of warping (13)
 I - a wand of mindburst (10)
Scrolls
 e - 2 scrolls of amnesia
 m - 10 scrolls of teleportation
 o - a scroll of blinking
 q - 10 scrolls of identify
 t - 2 scrolls of torment
 u - 2 scrolls of fog
 v - 2 scrolls of revelation
 z - 3 scrolls of enchant armour
 C - a scroll of fear
 H - a scroll of immolation
 J - a scroll of butterflies
Potions
 b - 2 potions of berserk rage
 d - 2 potions of might
 f - 3 potions of attraction
 g - 7 potions of curing
 h - 4 potions of haste
 i - 8 potions of brilliance
 l - 3 potions of heal wounds
 p - 2 potions of resistance
 s - 7 potions of enlightenment
 A - a potion of lignification
 F - 2 potions of invisibility
 G - a potion of cancellation


   Skills:
 * Level 16.0 Fighting
 + Level 15.0 Polearms
 + Level 10.7 Armour
 - Level 2.1 Shields
 * Level 10.1 Evocations


You had 14 spell levels left.
You didn't know any spells.
Your spell library contained the following spells:

 Spells                   Type           Power      Damage    Failure   Level
 Shock                    Conj/Air       0%         1d3       99%         1
 Cigotuvi's Dreadful Rot  Necr/Alch/Air  0%         N/A       100%        2
 Ensorcelled Hibernation  Hex/Ice        0%         N/A       100%        2
 Jinxbite                 Hex            0%         N/A       100%        2
 Dazzling Flash           Conj/Hex       0%         N/A       100%        3
 Inner Flame              Hex/Fire       0%         N/A       100%        3
 Passwall                 Erth           0%         N/A       100%        3
 Swiftness                Air            0%         N/A       100%        3
 Tukima's Dance           Hex            0%         N/A       100%        3
 Volatile Blastmotes      Fire/Tloc      0%         2d10      100%        3
 Airstrike                Air            0%         2d(0-16)  100%        4
 Dimensional Bullseye     Hex/Tloc       0%         N/A       100%        4
 Dispel Undead            Necr           0%         3d6       100%        4
 Flame Wave               Conj/Fire      0%         2d4       100%        4
 Ignite Poison            Fire/Alch      0%         N/A       100%        4
 Iskenderun's Mystic Bla Conj/Tloc 0%             2d3        (+2d1     100%        4
 Martyr's Knell           Necr/Summ      0%         N/A       100%        4
 Sticky Flame             Fire/Alch      0%         2d4       100%        4
 Vhi's Electric Charge    Tloc/Air       0%         N/A       100%        4
 Freezing Cloud           Conj/Ice/Air   0%         6-21      100%        5
 Yara's Violent Unravell  Hex/Alch       0%         3d3       100%        5
 Bombard                  Conj/Erth      0%         9d1       100%        6
 Starburst                Conj/Fire      0%         6d3       100%        6
 Enfeeble                 Hex            0%         N/A       100%        7
 Maxwell's Capacitive Co  Air            0%         ∞         100%        8


Dungeon Overview and Level Annotations

Branches:
Dungeon (15/15)            Temple (0/1) D:4            Lair (4/5) D:9
 Shoals (0/4) Lair:2       Spider (0/4) Lair:2          Orc (0/2) D:10
 Vaults (0/5) D:14         Depths (0/4) D:15        Ossuary (visited)
Volcano (1/1)
  Slime: Lair:4-5

Altars:
Trog
Uskayaw
Vehumet
Xom
The Shining One

Shops:
D:9 ?[*=   D:14 *

Portals:
Trove: D:11 (give Singing Sword)


Innate Abilities, Weirdness & Mutations

You can walk on water.
Your facial features are unmistakably orcish.
You can wield a second weapon in your off-hand.
It takes a long time for you to wield or remove held weapons.
Your first few attacks do less damage.
You cannot equip rings or amulets.
Your system is resistant to poisons. (rPois)


Message History

You miss the sun demon with your +0 demon trident of electrocution.
You hit the sun demon but do no damage. The fire dragon breathes flames at you.
The blast of flame hits the sun demon.
The sun demon completely resists.
The blast of flame hits you!!! The sun demon hits you.
You are engulfed in flames!!
Found 29 gold pieces.
Unknown command.
You hit the sun demon but do no damage.
You puncture the sun demon with your +4 trident!
Unknown command.
You hit the sun demon but do no damage.
The sun demon is lightly wounded.
You puncture the sun demon with your +0 demon trident of electrocution!
The sun demon hits you!
You are engulfed in flames!
Arbeogh hits the sun demon with a +0 war axe of electrocution!
Beowulf hits the sun demon from afar with the +5 Lochaber axe!
Beowulf hits the fire dragon from afar with the +5 Lochaber axe.
Unknown command.
You puncture the sun demon with your +0 demon trident of electrocution!
The sun demon is almost dead.
You puncture the sun demon with your +4 trident!
You kill the sun demon!
Beogh accepts your kill.
The fire dragon bites you but does no damage.
The fire dragon claws you but does no damage.
The fire dragon tramples you!
* * * LOW HITPOINT WARNING * * *
You hold your ground!
Your Fighting skill increases to level 16!
Unknown command.
Unknown command.
You swap places.
Your black mamba bites the fire dragon!
Beowulf hits the fire dragon with the +5 Lochaber axe!
Your black mamba bites the fire dragon!
Ogrik invokes the aid of Beogh against the fire dragon.
The fire dragon is smitten.
Your black mamba bites the fire dragon.
The fire dragon breathes flames at you.
The blast of flame hits Beowulf!!
The blast of flame hits you!!!
You die...

#### ### #.ß$## ##.##
##....)## ##...##
#########...≈.?$#
#∩.∩..#
##...ß..ß#So§≈≈.$#
##....#
##.§§.....'SD≈≈≈.)!
##.#..
##§§§§.§...@oo≈≈≈.$$
#####o.
##.....§ß..ß#..≈≈≈.!#
#.§.##.
#....########...§.!!#
#.§.... ##...##
##....!## #§§....
#...##
#.ß[#####.§....
##...# ######........
#..≈.#
#######......#..
#..#.#####
##..#.#......##..
#..##.§.§§##
#...........##..#


You could see a fire dragon (catching breath, ally target), the friendly Arbeogh
the orc apostle, the friendly Beowulf the orc apostle, the friendly Ogrik the
orc apostle and 2 friendly black mambas.

Vanquished Creatures
  Nessos (D:13)
  The ghost of retardedninja the Fighter, a journeyman CoFi of Hepliaklqana (D:12)
  A fire dragon (D:15)
  Harold (D:11)
  3 hydras
  4 vault guards (D:14)
  A boulder beetle (D:8)
  An ogre mage (D:12)
  2 centaur warriors
  2 two-headed ogres (D:12)
  2 sun demons (Volcano)
  Sonja (D:13)
  4 skeletal warriors (D:13)
  An orb spider (Lair:2)
  3 deep elf pyromancers
  Pikel (D:5)
  A manticore (D:15)
  11 ugly things
  A cyclops (D:14)
  5 elephants
  2 black mambas
  A gargoyle (D:8)
  2 cane toads (Lair:1)
  A rime drake (Lair:1)
  7 komodo dragons
  A tengu conjurer (D:14)
  2 trolls
  A hornet (D:8)
  A dream sheep (Lair:2)
  A vampire (D:8)
  Sigmund (D:4)
  2 wraiths
  2 wyverns (D:9)
  9 slime creatures
  2 basilisks (D:14)
  11 yaks
  5 steam dragons
  A vampire mosquito (D:8)
  A hell hound (Volcano)
  9 water moccasins
  An ice beast (D:6)
  4 orc warriors
  A sky beast (D:6)
  A laughing skull (D:13)
  3 black bears
  5 ogres
  4 centaurs
  20 wolves
  4 lemures (D:5)
  A kobold brigand (D:7)
  A weeping skull (Ossuary)
  9 bullfrogs
  A gnoll sergeant (D:8)
  4 scorpions
  6 water moccasin zombies (Ossuary)
  2 wights (D:8)
  12 killer bees
  3 howler monkeys
  2 bombardier beetles
  A spectral scorpion (Ossuary)
  4 hounds
  4 orc priests
  Jessica (D:3)
  Terence (D:3)
  3 iguanas
  A sleepcap (D:4)
  2 orc wizards
  2 hell rats (Lair:2)
  A bullfrog simulacrum (Ossuary)
  2 mummies (Ossuary)
  Robin (D:4)
  9 gnolls
  8 adders
  3 river rats (Lair:2)
  2 shadow imps (D:6)
  A white imp (D:6)
  2 adder zombies (Ossuary)
  A ribbon worm (D:5)
  A dart slug (D:5)
  11 orcs
  3 bats
  5 endoplasms
  3 giant cockroaches
  13 goblins
  11 hobgoblins
  3 jackals (D:4)
  5 quokkas
  8 ball pythons
  5 frilled lizards
  7 gnoll zombies (Ossuary)
  7 jackal zombies (Ossuary)
  14 kobolds
  6 orc zombies (Ossuary)
  11 rats
355 creatures vanquished.

Vanquished Creatures (collateral kills)
  Rupert (Lair:4)
  A fire dragon (D:15)
  4 vault guards (D:14)
  A hydra (D:13)
  Erolcha (D:11)
  A centaur warrior (D:14)
  A two-headed ogre (D:12)
  3 boulder beetles
  A death knight (D:14)
  A sun demon (Volcano)
  An arcanist (D:13)
  A skeletal warrior (D:13)
  2 ugly things (D:15)
  4 cyclopes
  A manticore (D:8)
  2 black mambas (Lair:1)
  3 elephants
  2 gargoyles (D:13)
  A komodo dragon (Lair:4)
  A kobold demonologist (D:13)
  A hornet (D:9)
  A shadow (D:13)
  10 slime creatures
  A vampire (D:12)
  A wyvern (D:9)
  9 yaks
  A steam dragon (D:9)
  2 basilisks
  An acid dragon (D:8)
  2 swamp worms (Lair:4)
  5 water moccasins
  3 hell hounds (Volcano)
  An ogre (D:12)
  An orc warrior (D:15)
  A laughing skull (D:13)
  A sky beast (D:8)
  6 centaurs
  8 wolves
  A bullfrog (Lair:1)
  A gnoll sergeant (D:9)
  4 wights (D:8)
  7 killer bees
  2 howler monkeys
  An orc priest (D:10)
  An iguana (D:9)
  2 hell rats (Lair:2)
  An orc wizard (D:10)
  3 gnolls (D:9)
  A river rat (Lair:2)
  3 orcs
  A rat (Lair:2)
116 creatures vanquished.

Vanquished Creatures (others)
  2 orc apostles
  A slime creature (D:8)
  2 orc warriors (D:15)
  A phantom (D:6)
  A bullfrog (D:8)
  An orc priest (D:9)
  2 orcs (D:15)
10 creatures vanquished.

Grand Total: 481 creatures vanquished

Notes
Turn   | Place    | Note
-------+----------+-------------------------------------------
     0 | D:1      | Sirjeffry24 the Coglin Fighter began the quest for the Orb.
     0 | D:1      | Reached XP level 1. HP: 18/18 MP: 1/1
    87 | D:1      | Reached XP level 2. HP: 24/24 MP: 2/2
   426 | D:1      | Found a faded altar of an unknown god.
   483 | D:1      | Reached XP level 3. HP: 29/29 MP: 3/3
  1497 | D:2      | Reached XP level 4. HP: 35/37 MP: 4/4
  1867 | D:3      | Reached skill level 4 in Fighting
  1932 | D:3      | Noticed Terence
  1946 | D:3      | Killed Terence
  2033 | D:3      | Reached XP level 5. HP: 42/42 MP: 5/5
  2133 | D:3      | Noticed Jessica
  2140 | D:3      | Killed Jessica
  2722 | D:4      | Noticed Robin
  2755 | D:4      | Killed Robin
  2768 | D:4      | Gained mutation: Your movements are slightly less
                  | encumbered by armour. (ER -2) [potion of mutation]
  2768 | D:4      | Gained mutation: Potions are less effective at restoring
                  | your health. [potion of mutation]
  2769 | D:4      | Lost mutation: Potions are less effective at restoring your
                  | health. [potion of mutation]
  2769 | D:4      | Lost mutation: Your movements are slightly less encumbered
                  | by armour. (ER -2) [potion of mutation]
  2769 | D:4      | Gained mutation: You are occasionally teleported next to
                  | monsters. [potion of mutation]
  2832 | D:4      | Became a worshipper of Beogh the Shepherd
  2837 | D:4      | Found a staircase to the Ecumenical Temple.
  2905 | D:4      | Reached XP level 6. HP: 41/49 MP: 6/6
  2951 | D:4      | Noticed Sigmund
  2964 | D:4      | Killed Sigmund
  3046 | D:4      | Found a sand-covered staircase.
  3055 | Ossuary  | Entered an ossuary
  3080 | Ossuary  | Reached skill level 5 in Fighting
  3080 | Ossuary  | Reached XP level 7. HP: 45/56 MP: 7/7
  3094 | Ossuary  | Reached skill level 5 in Polearms
  3152 | Ossuary  | Reached * piety under Beogh
  3272 | Ossuary  | Reached XP level 8. HP: 64/64 MP: 8/8
  3783 | D:5      | Entered Level 5 of the Dungeon
  3826 | D:5      | Reached skill level 6 in Fighting
  4193 | D:5      | Noticed Pikel
  4238 | D:5      | Killed Pikel
  4239 | D:5      | Reached skill level 7 in Fighting
  4239 | D:5      | Reached XP level 9. HP: 30/72 MP: 9/9
  4412 | D:5      | Reached ** piety under Beogh
  4546 | D:5      | Lost mutation: You are occasionally teleported next to
                  | monsters. [potion of mutation]
  4546 | D:5      | Gained mutation: Your spells are a little harder to cast,
                  | but a little more powerful. [potion of mutation]
  4546 | D:5      | Gained mutation: Your body sometimes deteriorates upon
                  | taking damage. [potion of mutation]
  4562 | D:6      | Noticed a troll
  4873 | D:6      | Killed a troll
  5024 | D:6      | Reached skill level 5 in Armour
  5097 | D:6      | Identified the ring of Itikeu Mudghe {^Drain Fly rN++ Will+
                  | Dex+2}
  5397 | D:6      | Reached skill level 8 in Fighting
  5650 | D:6      | Found a shimmering altar of Xom.
  5765 | D:6      | Reached XP level 10. HP: 80/80 MP: 10/10
  6569 | D:7      | Found a glowing golden altar of the Shining One.
  6569 | D:7      | Found a radiant altar of Vehumet.
  6965 | D:8      | Reached skill level 9 in Fighting
  6968 | D:8      | Reached *** piety under Beogh
  6975 | D:8      | Reached skill level 10 in Polearms
  6981 | D:8      | Noticed Koronagh
  7005 | D:8      | Anointed Koronagh the warrior as your apostle
  7077 | D:8      | Identified the +0 chain mail "Ciemperph" {rElec rC+}
  7123 | D:8      | Paralysed by a hornet for 3 turns
  7318 | D:8      | Noticed a boulder beetle
  7336 | D:8      | Killed a boulder beetle
  7346 | D:8      | Noticed a manticore
  7352 | D:8      | Killed a manticore
  7358 | D:8      | Reached XP level 11. HP: 63/90 MP: 11/11
  7488 | D:8      | Reached skill level 10 in Fighting
  8044 | D:8      | Noticed a deep elf pyromancer
  8066 | D:8      | Killed a deep elf pyromancer
  8164 | D:8      | Noticed a seven-headed hydra
  8177 | D:8      | Killed an eight-headed hydra
  8269 | D:8      | Noticed Beowulf
  8287 | D:8      | Anointed Beowulf the warrior as your apostle
  8663 | D:9      | Paralysed by a hornet for 1 turns
  8832 | D:9      | Found Ytimiuhe's Assorted Antiques.
  8832 | D:9      | Found Pusad's Jewellery Shop.
  8832 | D:9      | Found Imik's Armour Shop.
  8834 | D:9      | Found Xotybicyn's Magic Scroll Shop.
  8853 | D:9      | Bought a scroll of enchant weapon for 105 gold pieces
  8853 | D:9      | Bought 2 scrolls of enchant armour for 210 gold pieces
  9001 | D:9      | Reached skill level 11 in Fighting
  9001 | D:9      | Reached **** piety under Beogh
  9002 | D:9      | Found a staircase to the Lair.
  9071 | D:9      | Found a bloodstained altar of Trog.
  9571 | D:10     | Entered Level 10 of the Dungeon
  9748 | D:10     | Identified a scroll of acquirement
  9887 | D:10     | Acquired a +0 demon trident of electrocution
  9941 | D:10     | Found a staircase to the Orcish Mines.
 10062 | D:10     | Found a hide-covered altar of Uskayaw.
 10223 | D:11     | Noticed Harold
 10230 | D:11     | Killed Harold
 10231 | D:11     | Reached skill level 1 in Evocations
 10231 | D:11     | Reached XP level 12. HP: 42/100 MP: 12/12
 10736 | D:11     | Noticed Erolcha
 10743 | D:11     | Killed Erolcha
 10841 | D:11     | Found a portal to a secret trove of treasure.
 10969 | D:11     | Noticed Ogrik
 10976 | D:11     | Anointed Ogrik the priest as your apostle
 11270 | D:12     | Found a large runed translucent door.
 11270 | D:12     | Found a large runed translucent door.
 11271 | D:12     | Noticed retardedninja's ghost (journeyman CoFi)
 11277 | D:12     | Noticed a two-headed ogre
 11283 | D:12     | Killed a two-headed ogre
 11284 | D:12     | Reached skill level 12 in Fighting
 11286 | D:12     | Noticed a two-headed ogre
 11286 | D:12     | Noticed an ogre mage
 11289 | D:12     | Killed an ogre mage
 11294 | D:12     | Killed a two-headed ogre
 11699 | D:12     | Noticed a centaur warrior
 11706 | D:12     | Killed a centaur warrior
 12056 | D:12     | Noticed a two-headed ogre
 12058 | D:12     | Killed a two-headed ogre
 12586 | D:12     | Killed retardedninja's ghost
 12587 | D:12     | Reached skill level 5 in Evocations
 12680 | D:13     | Noticed a boulder beetle
 12724 | D:13     | Noticed Sonja
 12724 | D:13     | Noticed Nessos
 12728 | D:13     | Your ally Ogrik died
 12729 | D:13     | Killed Nessos
 12733 | D:13     | Killed Sonja
 12845 | D:13     | Reached ***** piety under Beogh
 12846 | D:13     | Reached XP level 13. HP: 95/109 MP: 13/13
 13064 | D:13     | Lost mutation: Your body sometimes deteriorates upon taking
                  | damage. [potion of mutation]
 13064 | D:13     | Lost mutation: Your spells are a little harder to cast, but
                  | a little more powerful. [potion of mutation]
 13064 | D:13     | Gained mutation: Your system is resistant to poisons.
                  | (rPois) [potion of mutation]
 13117 | D:13     | Reached skill level 13 in Fighting
 13992 | D:14     | Found Beilo's General Store.
 14001 | D:14     | Bought a potion of berserk rage for 65 gold pieces
 14001 | D:14     | Bought a potion of curing for 39 gold pieces
 14001 | D:14     | Bought a scroll of teleportation for 39 gold pieces
 14389 | D:14     | Noticed a vault guard
 14389 | D:14     | Noticed a vault guard
 14389 | D:14     | Noticed a vault guard
 14390 | D:14     | Found a gate to the Vaults.
 14390 | D:14     | Noticed a vault guard
 14390 | D:14     | Noticed a vault guard
 14390 | D:14     | Noticed a vault guard
 14391 | D:14     | Noticed a vault guard
 14391 | D:14     | Noticed a vault guard
 14397 | D:14     | Killed a vault guard
 14406 | D:14     | Killed a vault guard
 14411 | D:14     | Killed a vault guard
 14417 | D:14     | Killed a vault guard
 14424 | D:14     | Killed a vault guard
 14429 | D:14     | Killed a vault guard
 14433 | D:14     | Killed a vault guard
 14436 | D:14     | Killed a vault guard
 14660 | D:14     | Reached skill level 14 in Fighting
 14770 | D:14     | Reached XP level 14. HP: 50/120 MP: 14/14
 14774 | D:14     | Acquired a hydrotertiary inducer {rC+ Regen+ RegenMP+
                  | Slay+3}
 15017 | D:14     | Reached skill level 10 in Armour
 15399 | D:15     | Entered Level 15 of the Dungeon
 16166 | D:15     | Your ally Ogrik died
 16254 | D:15     | Found a staircase to the Depths.
 16688 | Lair:1   | Entered Level 1 of the Lair of Beasts
 16805 | Lair:1   | Anointed Arbeogh the priest as your apostle
 17015 | Lair:1   | Reached skill level 15 in Fighting
 17343 | Lair:1   | Reached ****** piety under Beogh
 17921 | Lair:2   | Found a hole to the Spider Nest.
 18341 | Lair:2   | Found a staircase to the Shoals.
 18557 | Lair:4   | Noticed Rupert
 18572 | Lair:4   | Killed Rupert
 18616 | Lair:4   | Reached skill level 10 in Evocations
 18646 | Lair:4   | Found a dark tunnel.
 18659 | Volcano  | Entered a volcano
 18679 | Volcano  | Reached XP level 15. HP: 130/130 MP: 15/15
 18707 | Volcano  | Reached skill level 15 in Polearms
 18788 | Volcano  | Reached skill level 16 in Fighting
 18788 | Volcano  | Killed from afar by a fire dragon

Illustrated notes

Levels and vault maps discovered:
D:1:      beargit_arrival_greenhouse, layout_basic,
          shapermc_ecumenical_altar_flowoftime
D:2:      layout_loops_corners, st_stairs_7, minmay_pentomino_z4
D:3:      layout_basic, minmay_misc_feat_iff, minmay_surrounded, uniq_terence,
          uniq_jessica
D:4:      layout_basic, minmay_temple_entry_proselytizer,
          nicolae_ossuary_entry_monument, uniq_robin, uniq_sigmund
D:5:      layout_cave_pools, st_stairs_11, uniq_pikel
D:6:      minmay_opposing_rooms, layout_basic, mainiacjoe_overflow_boulevard,
          kennysheep_nondescript, minmay_checkerbox
D:7:      layout_rooms, grunt_temple_overflow_open
D:8:      minmay_the_grid_four_pointed_star [minmay_the_grid_triangle_9x9_cache,
          minmay_the_grid_triangle_9x9_longest,
          minmay_the_grid_triangle_9x9_corruption,
          minmay_the_grid_triangle_9x9_stretched_checkered,
          minmay_the_grid_prize_shrinking_boxes], layout_loops_ring,
          nzn_life_drinkers
D:9:      layout_gridville, trog_three_pillars_becter, minmay_lair_entry_grove,
          minmay_shop_grid_forest
D:10:     layout_roguey, mainiacjoe_overflow_24_doors, orc_0_dummy
D:11:     layout_long_grid, enter_trove_3, amcnicky_mini_corridor_feature,
          uniq_harold, uniq_erolcha
D:12:     layout_layer_cave, ebering_ghost_disaster_area, minmay_misc_feat_tiny
D:13:     layout_grid_maze, uniq_sonja, uniq_nessos
D:14:     layout_gridville, erik_vaults_2, dreamdust_princess_bridge,
          serial_shops, nicolae_shop_tiny_statue_garden
D:15:     grunt_enter_depths_hoard, layout_gridville, chequers_arboretum
Lair:1:   layout_cave_pods
Lair:2:   layout_gridlike, elwin_shoals_entry_rocks,
          nicolae_spider_entry_orb_guardian, kennysheep_abandoned_house
Lair:3:   layout_cave_pods
Lair:4:   layout_gridlike, nicolae_volcano_entry_lava_flow, worms_lemuel,
          serial_bayou_shore_b, infiniplex_staircase_pool_2,
          serial_bayou_shore_a, uniq_rupert
Volcano:  hellmonk_smoking_crater

Skill      XL: |  1  2  3  4  5  6  7  8  9 10 11 12 13 14 15 |
---------------+----------------------------------------------+-----
Polearms       | 2 3 4 6 7 9 10 12 13 14 15 | 15.0
Armour         | 3 4 5 7 8 9 10 | 10.7
Fighting       | 4 5 7 8 9 11 12 14 15 16 | 16.0
Evocations     | 1 5 8 10 | 10.1
Shields        | |  2.1

Action                     |  1- 3 |  4- 6 |  7- 9 | 10-12 | 13-15 || total
---------------------------+-------+-------+-------+-------+-------++-------
  Melee: Trident           |    70 |   118 |   315 |   486 |   388 ||  1377
         Spear             |    50 |   114 |   313 |   189 |       ||   666
         Demon trident     |       |       |       |    85 |   401 ||   486
 Invoke: Convert to Beogh  |       |     1 |       |       |       ||     1
         Recruit Apostle   |       |       |       |     3 |     1 ||     4
         Recall Apostles   |       |       |       |       |     1 ||     1
         Dismiss Apostle   |       |       |       |       |     1 ||     1
Ability: Invent Gizmo      |       |       |       |       |     1 ||     1
  Evoke: Wand              |       |       |       |       |     2 ||     2
    Use: Scroll            |     8 |     7 |     5 |     7 |     5 ||    32
         Potion            |       |     2 |     2 |     8 |     1 ||    13
   Stab: Distracted        |       |       |       |     4 |     8 ||    12
 Armour: Scale mail        |    44 |    58 |       |       |       ||   102
         Chain mail        |       |    26 |   186 |   247 |    67 ||   526
         Skin              |       |       |       |     7 |       ||     7
         Plate armour      |       |       |       |       |   156 ||   156
  Dodge: Dodged            |    40 |    37 |    71 |    87 |    61 ||   296

Table legend: (Time is in decaauts)
 A = Elapsed time spent in this place.
 B = Non-inter-level travel time spent in this place.
 C = Inter-level travel time spent in this place.
 D = Time resting spent in this place.
 E = Time spent auto-exploring this place.
 F = Levels seen in this place.
 G = Mean time per level.
                   A        B        C        D        E       F      G
               +--------+--------+--------+--------+--------+-----+--------+
         Total |  18501 |  17699 |    802 |    947 |  13805 |  21 |  881.0 |
       Dungeon |  16215 |  15444 |    771 |    945 |  12086 |  15 | 1081.0 |
          Lair |   1898 |   1867 |     31 |      2 |   1515 |   4 |  474.5 |
       Ossuary |    269 |    269 |      0 |      0 |    128 |   1 |  269.0 |
       Volcano |    118 |    118 |      0 |      0 |     76 |   1 |  118.0 |
               +--------+--------+--------+--------+--------+-----+--------+

Top non-repeatable levels by time:
     D:8: 1884 daAuts
    D:14: 1553 daAuts
    D:12: 1411 daAuts
    D:13: 1240 daAuts
     D:6: 1183 daAuts
  Lair:1: 1122 daAuts
    D:15: 1098 daAuts
    D:11: 1038 daAuts
     D:5: 1038 daAuts
     D:3: 992 daAuts
     D:9: 916 daAuts
     D:2: 888 daAuts
     D:4: 855 daAuts
     D:1: 780 daAuts
     D:7: 685 daAuts
